 Dungeon Crawl Stone Soup version 0.31-a0-931-g7b59d4eb97 (webtiles) character file.

Game seed: 997663794778633984

145 Shayle the Vexing (level 5, 0/53 HPs)
             Began as an Ogre Hexslinger on Oct 19, 2023.
             Slain by Pikel
             ... wielding a +0 whip of freezing
              (4 damage)
             ... on level 3 of the Dungeon.
             The game lasted 00:06:28 (2544 turns).

Shayle the Vexing (Ogre Hexslinger)                 Turns: 2544, Time: 00:06:29

Health: 0/53       AC:  3    Str: 12    XL:     5   Next: 27%
Magic:  6/8        EV: 10    Int: 16    God:
Gold:   127        SH:  0    Dex: 11    Spells: 6/8 levels left

rFire   . . .        a - +1 sling
rCold   . . .        (no shield)
rNeg    . . .        c - +0 robe
rPois   .            (helmet restricted)
rElec   .            (no cloak)
rCorr   .            (gloves unavailable)
SInv    .            (boots unavailable)
Will    .....        (no amulet)
Stlth   +            (no ring)
HPRegen 0.28/turn    (no ring)
MPRegen 0.11/turn

%: no passive effects
@: weak-willed, jinxed
A: large, unfitting armour, tough skin 1
a: no special abilities


You were on level 3 of the Dungeon.
You visited 1 branch of the dungeon, and saw 4 of its levels.

You collected 127 gold pieces.

Inventory:

Hand Weapons
 a - a +1 sling (weapon)
 g - a +0 dagger of protection
Armour
 c - a +0 robe (worn)
Wands
 k - a wand of mindburst (6)
Scrolls
 b - a scroll of poison
 e - a scroll of identify {unknown}
 i - a scroll of amnesia {unknown}
 l - a scroll of noise {unknown}
 m - 3 scrolls of fog {unknown}
Potions
 d - 2 potions of berserk rage {unknown}
 f - a potion of curing {unknown}
 h - a potion of heal wounds {unknown}
 j - a potion of enlightenment {unknown}
 n - a potion of mutation {unknown}
 o - a potion of cancellation {unknown}


   Skills:
 + Level 3.0 Fighting
 + Level 2.0 Ranged Weapons
 + Level 2.4 Dodging
 + Level 2.3 Spellcasting
 + Level 3.2 Hexes
 + Level 1.9 Fire Magic


You had 6 spell levels left.
You knew the following spells:

 Your Spells              Type           Power      Damage    Failure   Level
a - Jinxbite              Hex            24%        N/A       9%          2

Your spell library contained the following spells:

 Spells                   Type           Power      Damage    Failure   Level
 Sigil of Binding         Hex            12%        N/A       16%         3
 Inner Flame              Hex/Fire       10%        N/A       22%         3
 Lesser Beckoning         Tloc           2%         N/A       30%         2
 Cause Fear               Hex            6%         N/A       47%         4
 Teleport Other           Tloc           1%         N/A       52%         3
 Dimensional Bullseye     Hex/Tloc       3%         N/A       71%         4
 Summon Forest            Summ/Tloc      0%         N/A       99%         5


Dungeon Overview and Level Annotations

Branches:
Dungeon (4/15)
 Temple: D:4-7

Altars:

Annotations:
D:2 1 runed translucent door, Crazy Yiuf
D:3 Pikel


Innate Abilities, Weirdness & Mutations

You are too large for most types of armour.
You have tough skin. (AC +1)


Message History

There is an open door, spattered with blood here.
Things that are here:
a +0 ring mail; a +0 hand axe
There is a stone staircase leading down, spattered with blood here.
You climb downwards.
Level annotation: Pikel Pikel zaps a wand.
The puff of flame hits you!
Pikel hits you with a +0 whip of freezing!
Pikel freezes you.
There is a stone staircase leading up, spattered with blood here.
Pikel hits you with a +0 whip of freezing!
Pikel freezes you.
You climb upwards.
There is a stone staircase leading down, spattered with blood here.
Casting: Jinxbite (safe; 9% risk of failure)
Confirm with . or Enter, or press ? or * to list all spells.
You beckon some vexing sprites to accompany your attacks.
You feel your willpower being sapped. Pikel barely misses you.
Unknown command.
Aiming: Mindburst
Press: ? - help, Shift-Dir - straight line, f - Pikel
Aim: Pikel, wielding a +0 whip of freezing, wearing a +0 robe and carrying a wand of flame (chance to call a sprite on attack: 46%, chance to affect: 64%) Pikel struggles to resist.
Pikel hits you with a +0 whip of freezing.
Pikel freezes you.
Aiming: Mindburst
Press: ? - help, Shift-Dir - straight line, f/p - Pikel
Aim: Pikel, wielding a +0 whip of freezing, wearing a +0 robe and carrying a wand of flame (chance to call a sprite on attack: 46%, chance to affect: 64%) Pikel's mind is blasted!
Pikel zaps a wand.
The puff of flame hits you.
* * * LOW HITPOINT WARNING * * *
Unknown command.
Aiming: Mindburst
Press: ? - help, Shift-Dir - straight line, f/p - Pikel
Aim: Pikel, wielding a +0 whip of freezing, wearing a +0 robe and carrying a wand of flame (moderately wounded, chance to call a sprite on attack: 46%, chance to affect: 64%) Pikel's mind is blasted!
Pikel hits you with a +0 whip of freezing!
* * * LOW HITPOINT WARNING * * *
Pikel freezes you.
You die...
Pikel says, "Another soul for the market."

#...........###.#
#.......##....#.#
#.......##..#.#.#
#####.#.###.#.#.#
# #.#.# #.#...# #
#.#.# #.###.#
######...###.....#
.....'...+.....K.#
######...#####.#@#
# #...# #.### #
#...# #.# #
#...#####[##### #
###...........# #
#...........# ####
#...........# ...#
#...........# ...#
#...........#


You could see Pikel.

Vanquished Creatures
  A lemure (D:3)
  An orc priest (D:3)
  Jessica (D:2)
  2 gnolls
  An adder (D:2)
  2 worms (D:2)
  A dart slug (D:2)
  5 orcs (D:3)
  3 ball pythons
  5 bats
  6 endoplasms
  3 giant cockroaches (D:3)
  3 hobgoblins
  2 jackals (D:1)
  3 frilled lizards
  2 goblins
  5 kobolds
  7 rats
53 creatures vanquished.

Notes
Turn   | Place    | Note
-------+----------+-------------------------------------------
     0 | D:1      | Shayle the Ogre Hexslinger began the quest for the Orb.
     0 | D:1      | Reached XP level 1. HP: 19/19 MP: 2/2
    33 | D:1      | Reached skill level 1 in Fire Magic
    89 | D:1      | Reached XP level 2. HP: 22/28 MP: 4/4
   404 | D:1      | Got the Excursus on the Voyage
   483 | D:1      | Reached XP level 3. HP: 31/35 MP: 5/5
   693 | D:2      | Learned a level 2 spell: Jinxbite
   730 | D:2      | Noticed Jessica
   734 | D:2      | Killed Jessica
   735 | D:2      | Reached XP level 4. HP: 44/44 MP: 3/6
  1248 | D:2      | Found a runed translucent door.
  1249 | D:2      | Noticed Crazy Yiuf
  1432 | D:3      | Reached XP level 5. HP: 19/52 MP: 5/8
  2320 | D:4      | Noticed a lemure
  2377 | D:4      | Noticed Pikel
  2379 | D:4      | Noticed a lemure
  2405 | D:3      | Killed a lemure
  2544 | D:3      | Slain by Pikel

Illustrated notes

Levels and vault maps discovered:
D:1:      erik_arrival_orb_chamber, layout_loops_ring
D:2:      layout_loops_cross, uniq_crazy_yiuf_cottage, uniq_jessica
D:3:      layout_basic
D:4:      layout_basic, nicolae_shop_self_help, uniq_duvessa, uniq_pikel,
          uniq_robin, uniq_ijyb

Skill      XL: |  1  2  3  4  5 |
---------------+----------------+-----
Fire Magic     | 1 |  1.9
Dodging        | 2 |  2.4
Fighting       | 2 3 |  3.0
Hexes          | 3 |  3.2
Spellcasting   | 2 |  2.3
Ranged Weapons | 2 |  2.0

Action                     |  1- 3 |  4- 6 || total
---------------------------+-------+-------++-------
   Fire: Sling             |    70 |   139 ||   209
   Cast: Jinxbite          |     1 |     7 ||     8
  Evoke: Wand              |       |     3 ||     3
 Armour: Robe              |    18 |    79 ||    97
  Dodge: Dodged            |    14 |    51 ||    65

Table legend: (Time is in decaauts)
 A = Elapsed time spent in this place.
 B = Non-inter-level travel time spent in this place.
 C = Inter-level travel time spent in this place.
 D = Time resting spent in this place.
 E = Time spent auto-exploring this place.
 F = Levels seen in this place.
 G = Mean time per level.
                   A        B        C        D        E       F      G
               +--------+--------+--------+--------+--------+-----+--------+
         Total |   2610 |   2433 |    177 |    391 |   1531 |   4 |  652.5 |
       Dungeon |   2610 |   2433 |    177 |    391 |   1531 |   4 |  652.5 |
               +--------+--------+--------+--------+--------+-----+--------+

Top non-repeatable levels by time:
     D:3: 1246 daAuts
     D:2: 755 daAuts
     D:1: 587 daAuts
     D:4: 20 daAuts
